 Dungeon Crawl Stone Soup version 0.19-a0-1682-g5114f93 (webtiles) character file.

632 HungrySpirit the Sneak (level 7, -4/45 HPs)
             Began as an Octopode Assassin on Sept 24, 2016.
             Shot with an arrow by a centaur (17 damage)
             ... on level 5 of the Dungeon.
             The game lasted 00:04:43 (3873 turns).

HungrySpirit the Sneak (Octopode Assassin)          Turns: 3873, Time: 00:04:44

Health: -4/45      AC:  2    Str: 10    XL:     7   Next: 49%
Magic:  7/7        EV: 16    Int: 14    God:
Gold:   42         SH:  0    Dex: 15    Spells: 0 memorised, 6 levels left

rFire  . . .     SeeInvis .     a - +2 dagger
rCold  . . .     Gourm    .     (no shield)
rNeg   . . .     Faith    .     (helmet restricted)
rPois  .         Spirit   .     (no amulet)
rElec  .         Dismiss  .     H - ring of protection from magic
rCorr  .         Reflect  .     (no ring)
MR     +....     Harm     .     (no ring)
Stlth  +++++.....               (no ring)
                                (no ring)
                                (no ring)
                                (no ring)
                                (no ring)

@: no status effects
A: almost no armour, stealthy swim, amphibious, 8 rings, constrict 8, camouflage
1, gelatinous body 1
a: no special abilities


You were on level 5 of the Dungeon.
You were not hungry.

You visited 1 branch of the dungeon, and saw 5 of its levels.

You collected 206 gold pieces.
You spent 164 gold pieces at shops.

Inventory:

Hand Weapons
 a - a +2 dagger (weapon)
 b - a +0 blowgun
 r - a +1 dagger
Missiles
 c - 8 poisoned needles
 d - 2 curare-tipped needles
Jewellery
 H - a ring of protection from magic (left tentacle)
Wands
 y - a wand of random effects (21/48)
 F - a wand of paralysis (15/24)
Scrolls
 g - 2 scrolls of immolation
 k - 3 scrolls of teleportation
 n - 3 scrolls of amnesia {unknown}
 q - 4 scrolls of identify
 v - 2 scrolls of remove curse
 w - 2 scrolls of fog {unknown}
 x - a scroll of blinking {unknown}
 B - 2 scrolls of recharging
 C - a scroll of noise {unknown}
 E - a scroll of fear
Potions
 e - 3 potions of might {unknown}
 i - 3 potions of agility {unknown}
 j - a potion of haste {unknown}
 o - a potion of cure mutation {unknown}
 p - 2 potions of heal wounds {unknown}
 s - a potion of invisibility {unknown}
 t - a potion of magic {unknown}
 u - 2 potions of brilliance {unknown}
 z - a potion of cancellation {unknown}
 A - a potion of flight {unknown}
 G - a potion of ambrosia {unknown}
Comestibles
 f - 4 bread rations
 h - a royal jelly
 l - 2 meat rations
 m - 3 slices of pizza
 D - a beef jerky
 I - 2 chunks of flesh


   Skills:
 - Level 2.0 Fighting
 * Level 5.4 Short Blades
 - Level 2.0 Throwing
 * Level 4.9 Dodging
 + Level 7.2 Stealth


You had 6 spell levels left.
You didn't know any spells.

Dungeon Overview and Level Annotations

Branches:
Dungeon (5/15)
 Temple: D:4-7

Altars:
Xom

Shops:
D:5 ?


Innate Abilities, Weirdness & Mutations

You cannot wear most types of armour.
You are very stealthy in the water.
You are amphibious.
You can wear up to eight rings at the same time.
You can use your tentacles to constrict eight enemies at once.
Your skin changes colour to match your surroundings (Stealth+).
Your rubbery body absorbs attacks. (AC +1, EV +1)


Message History

The shadow imp is heavily wounded.
You constrict the shadow imp. The shadow imp hits you.
You hit the shadow imp.
The shadow imp is heavily wounded.
You constrict the shadow imp.
The shadow imp summons a swarm of flies.
The shadow imp gestures at you. Pain shoots through your body!
A centaur comes into view.
The centaur shouts!
You hit the shadow imp but do no damage.
You squeeze the shadow imp.
You kill the shadow imp!
The centaur wields a shortbow.
The centaur shoots an arrow.
The arrow hits you!
* * * LOW HITPOINT WARNING * * *
The crimson imp blinks!
You are too injured to fight recklessly!
You are too injured to fight recklessly!
The centaur shoots an arrow.
The arrow hits you!
You die...

###.###.####...##
#.# #.....#.#
##.## #.#
#.#.#.#.#####.#
#.#
#.#.........#.#
..# #
###.#.###.#.##
#.#.# #.5..##
#.#.###....!###
..#...........|
#######@..#####
#(..$...c
##ยง.##### ..#
..# ... #... ..##
..#


You could see a centaur and a crimson imp.

Vanquished Creatures
  A phantom (D:5)
  A centaur (D:5)
  A water moccasin skeleton (D:4)
  A howler monkey (D:5)
  A hound (D:4)
  A centaur skeleton (D:5)
  2 orc priests (D:5)
  Jessica (D:2)
  A worker ant (D:4)
  A hound skeleton (D:5)
  A worker ant zombie (D:5)
  3 gnolls
  7 adders
  A shadow imp (D:5)
  4 dart slugs
  3 leopard geckos
  7 orcs
  3 ball pythons
  5 giant cockroaches
  8 goblins
  4 hobgoblins (D:2)
  3 jackals (D:4)
  A quokka (D:4)
  6 bats
  3 frilled lizards
  A jackal zombie (D:3)
  7 kobolds
  A quokka skeleton (D:4)
  6 rats
85 creatures vanquished.

Notes
Turn   | Place    | Note
-------+----------+-------------------------------------------
     0 | D:1      | HungrySpirit the Octopode Assassin began the quest for the Orb.
     0 | D:1      | Reached XP level 1. HP: 14/14 MP: 1/1
   367 | D:1      | Reached XP level 2. HP: 19/19 MP: 2/2
   578 | D:2      | Noticed Jessica
   585 | D:2      | Killed Jessica
   585 | D:2      | Reached XP level 3. HP: 23/24 MP: 3/3
   659 | D:1      | Reached XP level 4. HP: 17/29 MP: 4/4
  1050 | D:2      | Reached skill level 6 in Stealth
  1422 | D:2      | Reached XP level 5. HP: 32/34 MP: 5/5
  2115 | D:3      | Found a shimmering altar of Xom.
  2464 | D:4      | Reached XP level 6. HP: 39/39 MP: 6/6
  2873 | D:5      | Entered Level 5 of the Dungeon
  3079 | D:5      | Found Reraczei's Magic Scroll Boutique.
  3082 | D:5      | Noticed a phantom
  3113 | D:5      | Killed a phantom
  3118 | D:5      | Bought a scroll of identify for 22 gold pieces
  3118 | D:5      | Bought a scroll of fear for 38 gold pieces
  3118 | D:5      | Bought a scroll of recharging for 104 gold pieces
  3397 | D:5      | Reached XP level 7. HP: 42/45 MP: 7/7
  3410 | D:5      | Reached skill level 5 in Short Blades
  3410 | D:5      | Reached skill level 7 in Stealth
  3873 | D:5      | Shot with an arrow by a centaur

Vault maps used:
D:1:      mrwooster_arrival_arrow, minmay_tetromino_o2
D:2:      uniq_jessica
D:3:      xom_butterflies
D:4:      first_bread
D:5:      serial_shops, shop, uniq_sigmund

Skill      XL: |  1  2  3  4  5  6  7 |
---------------+----------------------+-----
Dodging        | 2 3 4 |  4.9
Short Blades   | 3 4 5 |  5.4
Stealth        | 6 7 |  7.2
Fighting       | |  2.0
Throwing       | |  2.0

Action                   |  1- 3 |  4- 6 |  7- 9 || total
-------------------------+-------+-------+-------++-------
Melee: Dagger            |    34 |   132 |    35 ||   201
       Constrict         |     9 |    26 |     5 ||    40
       Tentacles         |     9 |    30 |     8 ||    47
  Use: Scroll            |       |     4 |       ||     4
 Stab: Sleeping          |     2 |    22 |     5 ||    29
       Distracted        |       |     2 |       ||     2
  Eat: Chunk             |       |     5 |     2 ||     7
       Royal jelly       |       |     1 |       ||     1
Armor: Skin              |     9 |     9 |     1 ||    19
Dodge: Dodged            |    23 |    63 |    17 ||   103
